 Dungeon Crawl Stone Soup version 0.27.1-33-g824d729ab1 (webtiles) character file.

Game seed: 13331790400074513334

93 zeram the Sneak (level 4, 0/48 HPs)
             Began as a Gnoll Enchanter on Nov 27, 2021.
             Succumbed to a scorpion's poison
             ... on level 5 of the Dungeon.
             The game lasted 00:04:25 (3001 turns).

zeram the Sneak (Gnoll Enchanter)                   Turns: 3001, Time: 00:04:26

Health: 0/48       AC:  2    Str:  6 (7)  XL:     4   Next: 62%
Magic:  11/11      EV: 13    Int: 15 (16) God:
Gold:   122        SH:  0    Dex: 11 (12) Spells: 5/13 levels left

rFire    . . .     SeeInvis .   g - +1 dagger (vamp)
rCold    . . .     Faith    .   (no shield)
rNeg     . . .     Spirit   .   b - +0 robe
rPois    .         Reflect  .   (no helmet)
rElec    .         Harm     .   (no cloak)
rCorr    .         Rampage  .   (no gloves)
Will     .....                  (no boots)
Stlth    ..........             (no amulet)
HPRegen  0.16/turn              (no ring)
MPRegen  0.12/turn              (no ring)

@: berserking (expiring), lethally poisoned (0 -> -21), very quick
A: fangs 1, strong nose, distributed training
a: no special abilities


You were on level 5 of the Dungeon.
You visited 1 branch of the dungeon, and saw 6 of its levels.

You collected 122 gold pieces.

Inventory:

Hand Weapons
 a - a +1 spectral dagger
 g - a +1 vampiric dagger (weapon)
Missiles
 d - a throwing net
Armour
 b - a +0 robe (worn)
Scrolls
 e - a scroll of teleportation
 f - a scroll of acquirement {unknown}
 i - a scroll of amnesia
 k - a scroll of enchant weapon {unknown}
 m - a scroll of magic mapping
Potions
 c - 2 potions of flight
 h - 2 potions of degeneration
 j - a potion of curing


   Skills:
 + Level 1.2 Fighting
 + Level 2.8 Short Blades
 + Level 1.2 Long Blades
 + Level 1.2 Axes
 + Level 1.2 Maces & Flails
 + Level 1.2 Polearms
 + Level 1.2 Staves
 + Level 1.2 Slings
 + Level 1.2 Bows
 + Level 1.2 Crossbows
 + Level 1.2 Throwing
 + Level 1.2 Armour
 + Level 4.6 Dodging
 + Level 6.0 Stealth
 + Level 1.2 Shields
 + Level 1.2 Unarmed Combat
 + Level 5.1 Spellcasting
 + Level 1.0 Conjurations
 + Level 5.5 Hexes
 + Level 1.0 Summonings
 + Level 1.0 Necromancy
 + Level 1.0 Translocations
 + Level 1.0 Transmutations
 + Level 1.0 Fire Magic
 + Level 1.0 Ice Magic
 + Level 1.0 Air Magic
 + Level 1.0 Earth Magic
 + Level 1.0 Poison Magic
 + Level 1.3 Invocations
 + Level 1.2 Evocations


You had 5 spell levels left.
You knew the following spells:

 Your Spells              Type           Power      Damage    Failure   Level
a - Tukima's Dance        Hex            20%        N/A       4%          3
b - Ensorcelled Hibernat  Hex/Ice        26%        N/A       6%          2
c - Dazzling Flash        Conj/Hex       26%        N/A       13%         3

Your spell library contained the following spells:

 Spells                   Type           Power      Damage    Failure   Level
 Corona                   Hex            22%        N/A       1%          1
 Confusing Touch          Hex            20%        N/A       4%          3


Dungeon Overview and Level Annotations

Branches:
Dungeon (6/15)
 Temple: D:4-7

Altars:

Annotations:
D:3 3 runed translucent doors, Joey1's ghost, amateur MiBe; pkoi's ghost, amateur DrMo; zeram's ghost, amateur GnEn


Innate Abilities, Weirdness & Mutations

You have very sharp teeth.
Your uncanny sense of smell can sniff out nearby items.
Your experience applies equally to all skills.


Message History

You are poisoned.
The scorpion poisons you!
You hit the scorpion but do no damage.
You bite the scorpion, but do no damage.
You feel sick. The hound barely misses you. The scorpion stings you!
You are lethally poisoned!
The scorpion poisons you!
You closely miss the scorpion.
* * * LOW HITPOINT WARNING * * *
You feel very sick. The hound barely misses you.
You barely miss the scorpion.
* * * LOW HITPOINT WARNING * * *
You feel very sick. The scorpion closely misses you. The hound bites you.
* * * LOW HITPOINT WARNING * * *
You hit the scorpion.
You feel better.
The scorpion is lightly wounded.
* * * LOW HITPOINT WARNING * * *
You feel sick. The hound bites you.
* * * LOW HITPOINT WARNING * * *
The scorpion stings you.
* * * LOW HITPOINT WARNING * * *
You are more poisoned.
The scorpion poisons you!
You hit the scorpion.
You feel better.
The scorpion is heavily wounded.
* * * LOW HITPOINT WARNING * * *
You feel very sick. The hound bites you.
* * * LOW HITPOINT WARNING * * *
Unknown command.
Unknown command.
Unknown command.
Unknown command.
You are too berserk!
You are too berserk!
You barely miss the scorpion.
The scorpion is heavily wounded.
You die...

.. .# ...
.# ...# ##
.# ....##.
.# .....
.# #.[.#.#
#.hs.#
#..@)#
#........#
.........#
..###....#
∆ # #..#.#
#.# .# #.
.. #. ##


You could see a scorpion and a hound.

Vanquished Creatures
  A howler monkey skeleton (D:3)
  3 adders
  A worm (D:2)
  2 dart slugs
  3 orcs
  2 ball pythons
  5 endoplasms
  2 giant cockroaches (D:3)
  6 hobgoblins
  2 quokkas
  5 bats
  2 frilled lizards (D:1)
  4 goblins
  4 kobolds
  5 rats
47 creatures vanquished.

Vanquished Creatures (others)
  A withered plant (D:3)
1 creature vanquished.

Grand Total: 48 creatures vanquished

Notes
Turn   | Place    | Note
-------+----------+-------------------------------------------
     0 | D:1      | zeram the Gnoll Enchanter began the quest for the Orb.
     0 | D:1      | Reached XP level 1. HP: 13/13 MP: 6/6
   109 | D:1      | Found a faded altar of an unknown god.
   346 | D:1      | Reached XP level 2. HP: 12/19 MP: 7/7
   617 | D:1      | HP: 1/20 [kobold (3)]
   803 | D:2      | Learned a level 2 spell: Ensorcelled Hibernation
  1242 | D:2      | Reached XP level 3. HP: 25/25 MP: 9/9
  1336 | D:2      | Reached skill level 5 in Spellcasting
  1593 | D:2      | Reached skill level 6 in Stealth
  1593 | D:2      | Reached skill level 1 in Invocations
  1743 | D:2      | Reached skill level 1 in Fighting
  1743 | D:2      | Reached skill level 1 in Long Blades
  1743 | D:2      | Reached skill level 1 in Axes
  1743 | D:2      | Reached skill level 1 in Maces & Flails
  1743 | D:2      | Reached skill level 1 in Polearms
  1743 | D:2      | Reached skill level 1 in Staves
  1743 | D:2      | Reached skill level 1 in Slings
  1743 | D:2      | Reached skill level 1 in Bows
  1743 | D:2      | Reached skill level 1 in Crossbows
  1743 | D:2      | Reached skill level 1 in Throwing
  1743 | D:2      | Reached skill level 1 in Armour
  1743 | D:2      | Reached skill level 1 in Shields
  1743 | D:2      | Reached skill level 1 in Unarmed Combat
  1743 | D:2      | Reached skill level 1 in Evocations
  1765 | D:2      | Learned a level 3 spell: Tukima's Dance
  1769 | D:2      | Learned a level 3 spell: Dazzling Flash
  2155 | D:3      | Reached XP level 4. HP: 25/32 MP: 11/11
  2347 | D:3      | Found a runed translucent gate.
  2808 | D:3      | Found a runed translucent gate.
  2808 | D:3      | Found a runed translucent gate.
  2809 | D:3      | Noticed pkoi's ghost (amateur DrMo)
  2810 | D:3      | Noticed Joey1's ghost (amateur MiBe)
  2810 | D:3      | Noticed zeram's ghost (amateur GnEn)
  2968 | D:4      | You fall into a shaft and drop 2 floors!
  2980 | D:5      | Entered Level 5 of the Dungeon
  2984 | D:5      | Noticed a scorpion
  2989 | D:5      | Reached skill level 1 in Conjurations
  2989 | D:5      | Reached skill level 1 in Summonings
  2989 | D:5      | Reached skill level 1 in Necromancy
  2989 | D:5      | Reached skill level 1 in Translocations
  2989 | D:5      | Reached skill level 1 in Transmutations
  2989 | D:5      | Reached skill level 1 in Fire Magic
  2989 | D:5      | Reached skill level 1 in Ice Magic
  2989 | D:5      | Reached skill level 1 in Air Magic
  2989 | D:5      | Reached skill level 1 in Earth Magic
  2989 | D:5      | Reached skill level 1 in Poison Magic
  3000 | D:5      | HP: 2/48 [poisoned by a scorpion]
  3001 | D:5      | Succumbed to a scorpion's poison

Illustrated notes

Levels and vault maps discovered:
D:1:      erik_arrival_blinker_ship, layout_basic,
          ebering_ecumenical_altar_abandoned
D:2:      layout_loops_cross, serial_rivers, chequers_serial_rivers_large_a,
          chequers_serial_rivers_room_b, chequers_serial_rivers_micro_a,
          chequers_serial_rivers_micro_e
D:3:      layout_loops_ring, gammafunk_ghost_cemetery
D:4:      minmay_opposing_rooms, layout_rooms
D:5:      layout_loops_ring, nicolae_dithmenos_shadow_blocks,
          lemuel_doored_altar, gammafunk_ghost_nasty_kobolds
D:6:      layout_loops_ring, minmay_temple_entry_junction, uniq_eustachio,
          uniq_menkaure

Skill      XL: |  1  2  3  4 |
---------------+-------------+-----
Spellcasting   | 5 |  5.1
Stealth        | 6 |  6.0
Invocations    | 1 |  1.3
Fighting       | 1 |  1.2
Long Blades    | 1 |  1.2
Axes           | 1 |  1.2
Maces & Flails | 1 |  1.2
Polearms       | 1 |  1.2
Staves         | 1 |  1.2
Slings         | 1 |  1.2
Bows           | 1 |  1.2
Crossbows      | 1 |  1.2
Throwing       | 1 |  1.2
Armour         | 1 |  1.2
Shields        | 1 |  1.2
Unarmed Combat | 1 |  1.2
Evocations     | 1 |  1.2
Conjurations   | 1 |  1.0
Summonings     | 1 |  1.0
Necromancy     | 1 |  1.0
Translocations | 1 |  1.0
Transmutations | 1 |  1.0
Fire Magic     | 1 |  1.0
Ice Magic      | 1 |  1.0
Air Magic      | 1 |  1.0
Earth Magic    | 1 |  1.0
Poison Magic   | 1 |  1.0
Short Blades   | |  2.8
Dodging        | |  4.6
Hexes          | |  5.5

Action                   |  1- 3 |  4- 6 || total
-------------------------+-------+-------++-------
Melee: Dagger            |   113 |    98 ||   211
       Bite              |    12 |     8 ||    20
       Punch             |       |     2 ||     2
 Cast: Ensorcelled Hiber |     7 |       ||     7
  Use: Scroll            |     5 |     2 ||     7
       Potion            |     1 |     3 ||     4
 Stab: Sleeping          |    16 |     4 ||    20
Armor: Robe              |    26 |    18 ||    44
Dodge: Dodged            |    57 |    67 ||   124
